 Dungeon Crawl Stone Soup version 0.21-a0-150-gc243083 (webtiles) character file.

2426 Cecillian the Quickloader (level 9, 0/59 HPs)
             Began as a Kobold Hunter on July 26, 2017.
             Was a Follower of Okawaru.
             Splashed by a jelly's acid (7 damage)
             ... on level 6 of the Dungeon.
             The game lasted 00:17:49 (7068 turns).

Cecillian the Quickloader (Kobold Hunter)           Turns: 7068, Time: 00:17:49

Health: 0/59       AC: -5    Str: 12    XL:     9   Next: 77%
Magic:  9/9        EV: 17    Int: 12    God:    Okawaru [*.....]
Gold:   307        SH:  0    Dex: 16    Spells: 8/8 levels left

rFire    . . .     SeeInvis .   a - +2 hand crossbow
rCold    . . .     Gourm    .   (shield restricted)
rNeg     + . .     Faith    .   v - +3 ring mail
rPois    .         Spirit   .   (no helmet)
rElec    .         Reflect  .   (no cloak)
rCorr    .         Harm     .   n - +1 pair of gloves (curse)
MR       .....                  (no boots)
Stlth    +.........             u - amulet of regeneration
HPRegen  0.59/turn              r - ring of positive energy
MPRegen  0.11/turn              (no ring)

@: corroded
A: carnivore 3
a: Heroism, Renounce Religion


You were on level 6 of the Dungeon.
You worshipped Okawaru.
Okawaru was aware of your devotion.
You were completely stuffed.

You visited 2 branches of the dungeon, and saw 7 of its levels.

You collected 307 gold pieces.

Inventory:

Hand Weapons
 a - a +2 hand crossbow (weapon)
 b - a +0 short sword
 d - a +2 whip of flaming
 y - a +1 flail of draining
 A - a +0 hunting sling
Missiles
 e - 79 sling bullets
 h - 104 stones
 l - 15 poisoned needles
 B - a tomahawk
 C - a throwing net
 E - 4 bolts (quivered)
Armour
 i - a +2 leather armour of magic resistance
 n - a cursed +1 pair of gloves (worn)
 v - a +3 ring mail (worn)
 w - a +3 leather armour
Jewellery
 r - a ring of positive energy (left hand)
 u - an amulet of regeneration (around neck)
Wands
 g - a wand of disintegration (0/24)
Scrolls
 j - a scroll of teleportation
 m - 3 scrolls of blinking
 t - 4 scrolls of remove curse
 D - 2 scrolls of fear
 F - a scroll of amnesia {unknown}
Potions
 c - a potion of cancellation
 k - 3 potions of curing
 o - a potion of agility
 q - 2 potions of degeneration {unknown}
 s - a potion of lignification {unknown}
 x - a potion of mutation {unknown}
 z - a potion of brilliance {unknown}
Comestibles
 f - 5 meat rations
 p - 3 royal jellies
 G - 3 chunks of flesh


   Skills:
 + Level 7.9 Fighting
 - Level 2.5 Short Blades
 + Level 9.9 Crossbows
 + Level 3.1 Armour
 - Level 7.2 Dodging
 - Level 1.3 Stealth


You had 8 spell levels left.
You didn't know any spells.

Dungeon Overview and Level Annotations

Branches:
Dungeon (6/15)             Temple (1/1) D:6

Altars:
Gozag
Hepliaklqana
Kikubaaqudgha
Makhleb
Okawaru
Qazlal
Sif Muna
Trog
Uskayaw
Wu Jian
Xom

Shops:
D:5 [   D:6 }

Annotations:
D:6 Edmund; Parsimony's ghost, novice DrCj


Innate Abilities, Weirdness & Mutations

You are small and have problems with some larger weapons.
You are carnivorous and can eat meat at any time.


Message History

* * * LOW HITPOINT WARNING * * *
The jelly is almost dead.
The jelly misses you.
You completely miss the jelly.
The jelly is almost dead.
The jelly hits you.
* * * LOW HITPOINT WARNING * * *
You are splashed with acid!
The acid burns!
* * * LOW HITPOINT WARNING * * *
You hit the jelly but do no damage. The acid corrodes you!
Your hands burn!
* * * LOW HITPOINT WARNING * * *
The jelly is almost dead.
The jelly closely misses you.
Wield which item (- for none, * to show all)? (? for menu, Esc to quit)
Your +2 whip of flaming stops flaming.
a - a +2 hand crossbow (weapon)
The jelly hits you.
* * * LOW HITPOINT WARNING * * *
You are splashed with acid!
The acid burns!
You die...

#...........#
#........##.#
#........##.#
#........##.#
###########.# #.#
#.#
#########.#####
#...J@........# #
#.#######.###.###
## #.##†#####
#.......# .#
#........#
#####.### .#.
#......###.# #.#
...............
#####.#
.#%..........###
#.....# .#
.........#
####### ...
.........#


You could see a jelly.

Vanquished Creatures
  Pikel (D:5)
  Grinder (D:5)
  A water moccasin (D:5)
  Duvessa (D:5)
  An orc warrior (D:5)
  2 ogres
  A phantom (D:6)
  A centaur (D:6)
  3 bullfrogs (D:6)
  Dowan (D:5)
  A howler monkey (D:4)
  2 centaur zombies (D:5)
  An orc priest (D:3)
  2 hounds
  10 orc wizards
  A bullfrog skeleton (D:5)
  An iguana (D:4)
  5 worker ants
  A hound zombie (D:5)
  5 adders
  3 shadow imps
  An adder skeleton (D:5)
  2 worms
  4 dart slugs
  5 leopard geckos
  27 orcs
  3 ball pythons
  7 giant cockroaches
  4 goblins (D:1)
  13 hobgoblins
  6 jackals
  2 quokkas
  11 bats
  2 frilled lizards
  A jackal skeleton (D:4)
  10 kobolds
  9 rats
152 creatures vanquished.

Vanquished Creatures (others)
  A slave (D:6)
  A leopard gecko (D:6)
2 creatures vanquished.

Grand Total: 154 creatures vanquished

Notes
Turn   | Place    | Note
-------+----------+-------------------------------------------
     0 | D:1      | Cecillian the Kobold Hunter began the quest for the Orb.
     0 | D:1      | Reached XP level 1. HP: 12/12 MP: 1/1
    43 | D:1      | Reached skill level 5 in Crossbows
   254 | D:1      | Reached XP level 2. HP: 6/17 MP: 2/2
   653 | D:1      | Reached XP level 3. HP: 22/22 MP: 3/3
   927 | D:1      | Reached skill level 1 in Short Blades
  1619 | D:2      | Reached XP level 4. HP: 24/27 MP: 4/4
  2092 | D:2      | Found a hazy altar of Hepliaklqana.
  2279 | D:2      | Found a hide-covered altar of Uskayaw.
  2665 | D:2      | Reached XP level 5. HP: 20/31 MP: 5/5
  2891 | D:3      | Found an ancient bone altar of Kikubaaqudgha.
  3000 | D:3      | Reached skill level 6 in Crossbows
  3051 | D:2      | Reached XP level 6. HP: 33/37 MP: 6/6
  3432 | D:3      | Found a burning altar of Makhleb.
  3713 | D:4      | Noticed an ogre
  3721 | D:4      | Killed an ogre
  3721 | D:4      | Reached skill level 5 in Dodging
  3721 | D:4      | Reached XP level 7. HP: 43/43 MP: 7/7
  3948 | D:4      | Reached skill level 7 in Crossbows
  4298 | D:4      | Found a deep blue altar of Sif Muna.
  4586 | D:5      | Entered Level 5 of the Dungeon
  4763 | D:4      | Reached skill level 5 in Fighting
  4849 | D:5      | Found a bloodstained altar of Trog.
  4896 | D:5      | Noticed a water moccasin
  4903 | D:5      | Killed a water moccasin
  4903 | D:5      | Reached XP level 8. HP: 46/49 MP: 8/8
  5091 | D:5      | Found Ratsora's Antique Armour Shoppe.
  5236 | D:5      | Noticed Grinder
  5457 | D:5      | Noticed Duvessa
  5472 | D:5      | Killed Duvessa
  5472 | D:5      | Reached skill level 8 in Crossbows
  5483 | D:5      | Noticed Dowan
  5487 | D:5      | Killed Dowan
  5747 | D:5      | Killed Grinder
  5888 | D:6      | Reached XP level 9. HP: 54/56 MP: 9/9
  5912 | D:6      | Found a staircase to the Ecumenical Temple.
  5921 | Temple   | Entered the Ecumenical Temple
  6006 | Temple   | Became a worshipper of Warmaster Okawaru
  6065 | D:6      | Reached skill level 1 in Armour
  6079 | D:6      | Noticed Parsimony's ghost (novice DrCj)
  6245 | D:6      | Noticed Edmund
  6536 | D:5      | Reached skill level 9 in Crossbows
  6703 | D:6      | Noticed Pikel
  6720 | D:5      | Killed Pikel
  6835 | D:6      | Reached * piety under Okawaru
  6901 | D:6      | Found Owaipnob's Gadget Emporium.
  7068 | D:6      | Splashed by a jelly's acid

Vault maps used:
D:1:      grunt_arrival_crossed_arrows, serial_bayou_pond_b, minivault_27,
          minmay_pentomino_q4
D:2:      lemuel_crystal_altar, old_standard_altar
D:3:      old_standard_altar, bloody_makhleb
D:4:      led_sif_pool
D:5:      overflow_temple_1_default, serial_shops, nicolae_shop_crystal,
          first_bread, bh_walls_and_bars, uniq_grinder, uniq_duvessa
D:6:      kennysheep_little_box, gammafunk_temple_overflow_elements,
          minmay_temple_entry_junction, serial_shops, shop,
          mrwooster_statue_mirror, kennysheep_slug_shrine, uniq_edmund,
          uniq_pikel
Temple:   minmay_temple_forest_path

Skill      XL: |  1  2  3  4  5  6  7  8  9 |
---------------+----------------------------+-----
Crossbows      | 5 6 7 8 9 |  9.9
Short Blades   | 1 2 |  2.5
Dodging        | 3 4 5 6 7 |  7.2
Fighting       | 3 4 5 6 7 |  7.9
Armour         | 3 |  3.1
Stealth        | |  1.3

Action                   |  1- 3 |  4- 6 |  7- 9 || total
-------------------------+-------+-------+-------++-------
Melee: Short sword       |   167 |   274 |   396 ||   837
       Flail             |       |     2 |       ||     2
       Hand crossbow     |       |       |     3 ||     3
       Whip              |       |       |    59 ||    59
 Fire: Hand crossbow     |     4 |    43 |    75 ||   122
Throw: Stone             |       |     1 |       ||     1
       Tomahawk          |       |       |     3 ||     3
       Throwing net      |       |       |     1 ||     1
Evoke: Wand              |       |       |     6 ||     6
  Use: Scroll            |     2 |     6 |     5 ||    13
       Potion            |       |       |     2 ||     2
 Stab: Sleeping          |     1 |     2 |     2 ||     5
  Eat: Chunk             |    11 |     7 |    11 ||    29
Armor: Leather armour    |    54 |    81 |    69 ||   204
       Ring mail         |       |       |    46 ||    46
Dodge: Dodged            |   192 |   262 |   429 ||   883
